AoeStats
← Malcolm Little

Lombardia

509351222Analyzed
4v4 RM · 5d ago on Sep 26, 2026· 56m 2s· 8 players
Game mode
Random Map
Map size
Large (8 player)
Population
200
Speed
Normal
Resources
Standard
Victory
Conquest
Starting age
Dark Age
Ending age
Imperial Age
RankedLock teamsTeams togetherTeam positionsShared explorationLock speedFull tech treeHidden civsTurbo modeCheats
Victory
Defeat
🇯🇵 Burgundians · Japan
1526
+13
🇹🇷 Spanish · Türkiye
1493
+14
🇨🇳 Maya · China
1490
+14
🇨🇭 Cumans · Switzerland
1391
+18
🇨🇱 Berbers · Chile
1513
-17
🇧🇷 Bengalis · Brazil
1458
-15
🇩🇴 Saracens · Dominican Republic
1439
-14
🇧🇷 Spanish · Brazil
1407
-13
Chagas
3:59 Loom
11:41 Feudal Age
15:35 Castle Age
13:35 Horse Collar
13:59 Double-Bit Axe
18:53 Bow Saw
19:08 Heavy Plow
19:51 Wheelbarrow
26:32 Fletching
27:12 Bodkin Arrow
30:25 Imperial Age
28:27 Ballistics
29:26 Scale Barding Armor
29:33 Forging
29:49 Hand Cart
30:13 Husbandry
30:26 Bloodlines
30:50 Elite Battle Elephant
32:25 Chain Barding Armor
32:48 Paiks
37:21 Plate Barding Armor
38:29 Iron Casting
39:48 Caravan
42:10 Blast Furnace
41:37 Siege Elephant
47:08 Chemistry
46:19 Masonry
47:13 Chemistry
Malcolm Little
11:57 Feudal Age
16:01 Castle Age
13:49 Double-Bit Axe
13:45 Horse Collar
14:53 Fletching
15:03 Padded Archer Armor
16:39 Loom
17:03 Loom
17:35 Loom
18:08 Loom
19:29 Loom
19:41 Loom
21:16 Crossbowman
21:42 Loom
22:26 Bodkin Arrow
24:58 Loom
26:29 Loom
28:12 Wheelbarrow
28:19 Leather Archer Armor
30:27 Ballistics
30:22 Town Watch
37:00 Imperial Age
36:26 Bow Saw
36:16 Heavy Plow
37:53 Forging
37:18 Arbalester
38:14 Gold Mining
39:43 Forging
39:39 Scale Barding Armor
40:36 Fortified Wall
41:37 Thumb Ring
42:28 Conscription
42:04 Elite Skirmisher
43:13 Bracer
43:46 Ring Archer Armor
45:21 Chemistry
47:26 Iron Casting
47:12 Chain Barding Armor
49:11 Caravan
yinyangwar
10:23 Feudal Age
15:07 Castle Age
13:32 Double-Bit Axe
14:29 Horse Collar
24:52 Wheelbarrow
24:52 Town Watch
24:53 Loom
26:27 Fletching
27:12 Ballistics
27:50 Bodkin Arrow
28:15 Padded Archer Armor
30:44 Husbandry
31:13 Bloodlines
33:00 Leather Archer Armor
32:56 Forging
33:42 Kasbah
37:21 Hand Cart
39:01 Thumb Ring
43:32 Imperial Age
44:24 Bracer
45:26 Chemistry
44:56 Conscription
44:47 Bow Saw
44:38 Heavy Plow
47:17 Ring Archer Armor
47:53 Iron Casting
48:48 Elite Skirmisher
52:04 Scale Barding Armor
52:59 Blast Furnace
53:18 Chain Barding Armor
52:22 Heavy Camel Rider
55:57 Crop Rotation
55:41 Gold Mining
Bruno Auto Peças
11:24 Feudal Age
12:56 Double-Bit Axe
15:30 Castle Age
13:42 Horse Collar
15:19 Stone Mining
17:39 Bow Saw
17:31 Heavy Plow
25:11 Wheelbarrow
25:12 Gold Mining
25:52 Loom
28:03 Fletching
34:05 Imperial Age
32:27 Scale Barding Armor
32:27 Bodkin Arrow
33:20 Bloodlines
33:11 Husbandry
33:56 Chain Barding Armor
34:27 Ballistics
34:37 Thumb Ring
34:26 Town Watch
35:40 Padded Archer Armor
36:15 Conscription
36:18 Bracer
36:23 Elite Conquistador
38:44 Leather Archer Armor
39:36 Chemistry
40:49 Ring Archer Armor
45:12 Plate Barding Armor
44:48 Forging
44:34 Light Cavalry
45:53 Caravan
48:06 Iron Casting
46:58 Hussar
52:47 Blast Furnace
Shoggi
6:06 Loom
9:10 Feudal Age
10:39 Double-Bit Axe
12:06 Horse Collar
17:24 Wheelbarrow
20:41 Castle Age
18:32 Town Watch
18:59 Scale Barding Armor
19:28 Bloodlines
19:33 Gold Mining
20:22 Forging
24:20 Bow Saw
24:32 Heavy Plow
26:29 Iron Casting
33:38 Imperial Age
32:33 Chain Barding Armor
34:31 Hand Cart
34:09 Stone Mining
34:01 Elite Steppe Lancer
35:18 Plate Barding Armor
35:59 Blast Furnace
35:49 Fletching
38:00 Crop Rotation
43:17 Two-Man Saw
46:38 Bodkin Arrow
48:13 Conscription
53:18 Light Cavalry
54:18 Hussar
JavelinMen
7:27 Loom
9:45 Feudal Age
10:46 Double-Bit Axe
11:24 Horse Collar
19:18 Castle Age
18:22 Gold Mining
18:22 Stone Mining
20:13 Bow Saw
27:39 Wheelbarrow
28:15 Heavy Plow
29:39 Hand Cart
29:35 Caravan
34:10 Imperial Age
31:27 Town Watch
33:12 Ballistics
32:55 Padded Archer Armor
35:11 Leather Archer Armor
34:39 Elite Conquistador
35:39 Conscription
36:45 Hoardings
36:30 Bloodlines
36:21 Husbandry
36:27 Husbandry
36:46 Fortified Wall
37:25 Ring Archer Armor
41:02 Coinage
41:19 Supremacy
41:52 Fletching
42:12 Sappers
42:48 Bodkin Arrow
43:28 Banking
43:41 Light Cavalry
44:28 Scale Barding Armor
44:33 Forging
44:23 Bracer
46:27 Two-Man Saw
44:53 Hussar
47:03 Chain Barding Armor
47:18 Iron Casting
48:58 Plate Barding Armor
50:04 Blast Furnace
52:32 Cavalier
54:27 Paladin
56:00 Guilds
god comic
4:27 Double-Bit Axe
7:59 Loom
10:09 Feudal Age
11:05 Horse Collar
12:13 Heavy Plow
12:30 Bow Saw
15:34 Forging
19:30 Castle Age
18:48 Scale Barding Armor
18:37 Gold Mining
18:49 Heavy Plow
20:20 Husbandry
19:40 Cavalier
19:41 Light Cavalry
19:49 Cavalier
22:26 Chain Barding Armor
22:46 Iron Casting
24:42 Wheelbarrow
23:57 Town Watch
25:35 Two-Man Saw
35:11 Imperial Age
33:02 Caravan
36:13 Stone Mining
36:59 Gold Shaft Mining
35:58 Paladin
36:53 Guilds
37:49 Conscription
38:44 Crop Rotation
38:38 Hussar
41:10 Plate Barding Armor
41:37 Blast Furnace
41:12 Burgundian Vineyards
42:01 Fletching
46:33 Scale Mail Armor
46:31 Bodkin Arrow
47:41 Chemistry
46:56 Squires
46:17 Pikeman
46:43 Arson
47:53 Halberdier
48:56 Chain Mail Armor
51:12 Plate Mail Armor
56:28 Hoardings
55:57 Bracer
56:10 Masonry
叫我靓仔啊 扑街
0:30 Loom
11:41 Feudal Age
18:35 Castle Age
16:53 Fletching
16:51 Double-Bit Axe
17:19 Gold Mining
23:18 Crossbowman
23:59 Bodkin Arrow
29:46 Wheelbarrow
31:09 Padded Archer Armor
35:22 Imperial Age
34:07 Ballistics
35:25 Hand Cart
35:45 Town Watch
36:45 Arbalester
37:30 Bracer
37:46 Leather Archer Armor
38:43 Chemistry
38:49 Thumb Ring
38:29 Capped Ram
39:12 Stone Mining
39:52 Thumb Ring
44:56 Conscription
45:08 Leather Archer Armor
45:05 Forging
44:55 Scale Mail Armor
46:16 Elite Skirmisher
46:33 Elite Skirmisher
48:02 Squires
47:23 Eagle Warrior
47:49 Arson
48:22 Chain Mail Armor
48:42 Iron Casting
48:35 Pikeman
52:44 Hul'che Javelineers
Connection lost

Rejoining the realm…

Still unreachable

The connection could not be restored.

Session expired

The server has moved on; the page needs a fresh start.